details: 'oow'

« prev index next »

General information

Mini Map

Players

team 1
NightElfidriveacamry (green | 45 APM | 760 actions | 16:52)
Hero icon 3 Demon Hunter
Ability icon 2 Mana Burn
Ability icon 1 Evasion
Hero icon 1 Keeper of the Grove
Ability icon 1 Entangling Roots

» actions
Assign group hotkey26
Basic commands51
Build / train57
ESC pressed1
Enter build submenu13
Enter hero's abilities submenu4
Remove unit from queue2
Right click263
Select / deselect264
Select group hotkey56
Use ability23
760 total
» units
Wisp20
Archer4
Huntress11
Hippogryph10
45 total
» upgrades
Strength of the Moon1
Strength of the Wild1
Reinforced Hides1
3 total
» buildings
Altar of Elders1
Moon Well4
Ancient of War2
Hunter's Hall1
Ancient Protector3
Tree of Ages1
Ancient of Wind2
14 total
» build order
00:11 Altar of Elders
00:26 Moon Well
00:41 Ancient of War
01:54 Hunter's Hall
02:27 Moon Well
02:36 Ancient of War
03:17 Ancient Protector
03:22 Moon Well
05:31 Tree of Ages
05:38 Moon Well
08:10 Ancient of Wind
08:44 Ancient of Wind
15:53 Ancient Protector
15:59 Ancient Protector
Random» NightElfpacersown2k8 (purple | 47 APM | 794 actions | 16:56)
Hero icon 2 Keeper of the Grove
Ability icon 1 Entangling Roots
Ability icon 1 Thorns Aura

» actions
Assign group hotkey9
Basic commands23
Build / train42
Enter build submenu12
Enter hero's abilities submenu2
Remove unit from queue1
Right click324
Select / deselect311
Select group hotkey48
Use ability21
794 total
» units
Wisp12
Archer9
Dryad10
31 total
» upgrades
Strength of the Wild2
Reinforced Hides2
Abolish Magic1
5 total
» buildings
Altar of Elders1
Moon Well6
Ancient of War1
Tree of Ages1
Hunter's Hall1
Ancient Protector1
Ancient of Lore2
Tree of Eternity1
14 total
» build order
00:19 Altar of Elders
00:32 Moon Well
00:47 Ancient of War
01:43 Moon Well
02:24 Moon Well
03:12 Moon Well
03:30 Tree of Ages
03:53 Hunter's Hall
04:57 Ancient Protector
06:57 Ancient of Lore
07:00 Ancient of Lore
08:23 Moon Well
09:27 Moon Well
11:56 Tree of Eternity
team 2
Random» Undeadboli (yellow | 108 APM | 1830 actions | 16:58)
Hero icon 7 Tauren Chieftain
Ability icon 3 Endurance Aura
Ability icon 3 Shockwave
Ability icon 1 Reincarnation
Hero icon 6 Death Knight
Ability icon 3 Death Coil
Ability icon 3 Unholy Aura
Hero icon 2 Lich
Ability icon 1 Frost Nova
Ability icon 1 Dark Ritual

» actions
Assign group hotkey15
Basic commands55
Build / train87
ESC pressed10
Enter build submenu35
Enter hero's abilities submenu15
Remove unit from queue2
Right click746
Select / deselect320
Select group hotkey460
Use ability85
1830 total
» units
Acolyte4
Peon7
Ghoul7
Wind Rider12
Raider1
Troll Batrider4
35 total
» upgrades
Ranged Weapons3
Armor2
Liquid Fire2
Envenomed Spears2
Reinforced Defenses1
Ensnare1
Creature Attack1
Creature Carapace1
13 total
» buildings
Crypt1
Altar of Darkness1
Orc Burrow8
Ziggurat5
Stronghold2
War Mill1
Voodoo Lounge1
Graveyard1
Nerubian Tower3
Beastiary5
Fortress2
Spirit Tower3
Halls of the Dead2
Watch Tower3
Black Citadel2
Sacrificial Pit1
41 total
» build order
00:07 Crypt
00:24 Altar of Darkness
00:29 Orc Burrow
00:32 Ziggurat
01:35 Stronghold
01:39 War Mill
01:43 Orc Burrow
02:02 Voodoo Lounge
02:07 Orc Burrow
02:13 Ziggurat
03:01 Orc Burrow
03:11 Orc Burrow
03:28 Graveyard
03:29 Ziggurat
03:33 Nerubian Tower
03:33 Nerubian Tower
03:58 Beastiary
03:59 Beastiary
04:04 Beastiary
04:34 Fortress
04:34 Fortress
05:07 Orc Burrow
05:42 Spirit Tower
05:43 Spirit Tower
07:30 Halls of the Dead
07:58 Beastiary
09:57 Halls of the Dead
10:01 Watch Tower
10:01 Watch Tower
10:02 Watch Tower
11:29 Beastiary
11:35 Orc Burrow
13:59 Black Citadel
13:59 Black Citadel
14:52 Ziggurat
14:53 Sacrificial Pit
14:56 Ziggurat
15:20 Orc Burrow
Orcchiggazvince (pink | 38 APM | 13 actions | 00:20)

» actions
Build / train2
Enter build submenu1
Right click4
Select / deselect5
Use ability1
13 total
» units
Peon2
2 total
» buildings
Altar of Storms1
1 total
» build order
00:09 Altar of Storms

Chat log

(00:18 / All) boli: gl hf
(00:20 / Allies) boli: vent if u want

(13:13 / All) boli: gg
(14:00 / All) idriveacamry: do u always play 2 on 1?
(14:06 / All) boli: no